SA
MT. VERNON BULLS @ NIAGARA FALLS EXPOS
07/27/2026
 
TOP OF THE 1ST
Mt. Vernon Bulls batting - Pitching for Niagara Falls Expos : RHP Javier Matajudíos
Pitching: RHP Javier Matajudíos
Batting: RHB Noël Sassetti 0-0: Called Strike
0-1: Ball
1-1: Ball
2-1: Ball
3-1: Base on Balls
Batting: RHB Ken Gardner 0-0: Ball
Noël Sassetti is caught stealing 2nd base
1-0: Foul Ball, location: 2F
1-1: Ball
2-1: Ball
3-1: Foul Ball, location: 2F
3-2: Base on Balls
Batting: RHB Alba Hidalgo de Jesus 0-0: Grounds into double play, 5-4-3 (Groundball, 56)
Top of the 1st over - 0 run(s), 0 hit(s), 0 error(s), 0 left on base; Mt. Vernon 0 - Niagara Falls 0
BOTTOM OF THE 1ST
Niagara Falls Expos batting - Pitching for Mt. Vernon Bulls : RHP Mark Goldwire
Pitching: RHP Mark Goldwire
Batting: RHB Roberto Camacho 0-0: Foul Ball, location: 2F
0-1: Swinging Strike
0-2: Ball
1-2: Strikes out looking
Batting: LHB Mark Armstead 0-0: Foul Ball, location: 2F
0-1: Ball
1-1: Called Strike
1-2: Foul Ball, location: 2F
1-2: Ball
2-2: Ball
3-2: Base on Balls
Batting: RHB Edgardo Castro 0-0: Ball
1-0: DOUBLE (Line Drive, 89XD)
Mark Armstead to third
Batting: LHB Pancho Farías 0-0: Called Strike
0-1: Ground out 3-1 (Groundball, 34S)
Mark Armstead scores
Edgardo Castro to third
Batting: RHB Mario Germán 0-0: Called Strike
0-1: Ball
1-1: Ball
2-1: Fly out, F8 (Flyball, 8LD)
Bottom of the 1st over - 1 run(s), 1 hit(s), 0 error(s), 1 left on base; Mt. Vernon 0 - Niagara Falls 1
TOP OF THE 2ND
Mt. Vernon Bulls batting - Pitching for Niagara Falls Expos : RHP Javier Matajudíos
Batting: RHB Abraham Phelps 0-0: Foul Ball, location: 2F
0-1: Ground out 5-3 (Groundball, 56)
Batting: RHB António López 0-0: Hit by Pitch
Batting: RHB Dixon Snyder 0-0: Foul Ball, location: 2F
0-1: Ball
1-1: Ball
2-1: Ground out 5-3 (Groundball, 56S)
António López to second
Batting: RHB Rafael López 0-0: Called Strike
0-1: Ball
1-1: Swinging Strike
1-2: Strikes out looking
Top of the 2nd over - 0 run(s), 0 hit(s), 0 error(s), 1 left on base; Mt. Vernon 0 - Niagara Falls 1
BOTTOM OF THE 2ND
Niagara Falls Expos batting - Pitching for Mt. Vernon Bulls : RHP Mark Goldwire
Batting: LHB Carlos Germán 0-0: Foul Ball, location: 2F
0-1: Ball
1-1: Ball
2-1: Fly out, F9 (Flyball, 9)
Batting: RHB Damien Medforth 0-0: Fly out, F6 (Popup, 6MD)
Batting: RHB Hou Kong 0-0: Ball
1-0: Ball
2-0: Foul Ball, location: 2F
2-1: Ball
3-1: SINGLE (Groundball, 6MD)
Batting: RHB Jim Unknown 0-0: Foul Ball, location: 2F
0-1: Foul Ball, location: 2F
0-2: Ball
1-2: Ground out 5-3 (Groundball, 56S)
Bottom of the 2nd over - 0 run(s), 1 hit(s), 0 error(s), 1 left on base; Mt. Vernon 0 - Niagara Falls 1
TOP OF THE 3RD
Mt. Vernon Bulls batting - Pitching for Niagara Falls Expos : RHP Javier Matajudíos
Batting: RHB Louis Litt 0-0: Called Strike
0-1: Foul Ball, location: 2F
0-2: Ball
1-2: Ball
2-2: Foul Ball, location: 2F
2-2: Ball
3-2: Base on Balls
Batting: RHB Ryan Robbins 0-0: Called Strike
0-1: Swinging Strike
0-2: Ball
1-2: Strikes out swinging
Batting: RHB Noël Sassetti 0-0: Called Strike
0-1: Called Strike
Louis Litt is caught stealing 2nd base
0-2: Ball
1-2: Ground out 5-3 (Groundball, 5)
Top of the 3rd over - 0 run(s), 0 hit(s), 0 error(s), 0 left on base; Mt. Vernon 0 - Niagara Falls 1
BOTTOM OF THE 3RD
Niagara Falls Expos batting - Pitching for Mt. Vernon Bulls : RHP Mark Goldwire
Batting: RHB Roberto Camacho 0-0: Called Strike
0-1: Called Strike
0-2: Ball
1-2: Ball
2-2: Strikes out swinging
Batting: LHB Mark Armstead 0-0: Ground out U3 (Groundball, 3L)
Batting: RHB Edgardo Castro 0-0: Ball
1-0: Called Strike
1-1: Swinging Strike
1-2: Fly out, F4 (Line Drive, 4M)
Bottom of the 3rd over - 0 run(s), 0 hit(s), 0 error(s), 0 left on base; Mt. Vernon 0 - Niagara Falls 1
TOP OF THE 4TH
Mt. Vernon Bulls batting - Pitching for Niagara Falls Expos : RHP Javier Matajudíos
Batting: RHB Ken Gardner 0-0: Called Strike
0-1: Ball
1-1: Ball
2-1: Swinging Strike
2-2: Strikes out swinging
Batting: RHB Alba Hidalgo de Jesus 0-0: Foul Ball, location: 2F
0-1: Foul Ball, location: 2F
0-2: Strikes out swinging
Batting: RHB Abraham Phelps 0-0: Called Strike
0-1: Ball
1-1: Foul Ball, location: 2F
1-2: Foul Ball, location: 2F
1-2: Strikes out looking
Top of the 4th over - 0 run(s), 0 hit(s), 0 error(s), 0 left on base; Mt. Vernon 0 - Niagara Falls 1
BOTTOM OF THE 4TH
Niagara Falls Expos batting - Pitching for Mt. Vernon Bulls : RHP Mark Goldwire
Batting: LHB Pancho Farías 0-0: Foul Ball, location: 2F
0-1: Ground out 4-3 (Groundball, 4M)
Batting: RHB Mario Germán 0-0: Ball
1-0: Ball
2-0: Ground out 1-3 (Groundball, 15S)
Batting: LHB Carlos Germán 0-0: Ball
1-0: Ball
2-0: SINGLE (Line Drive, 34)
Batting: RHB Damien Medforth 0-0: Ball
1-0: Ground out 5-3 (Groundball, 56)
Bottom of the 4th over - 0 run(s), 1 hit(s), 0 error(s), 1 left on base; Mt. Vernon 0 - Niagara Falls 1
TOP OF THE 5TH
Mt. Vernon Bulls batting - Pitching for Niagara Falls Expos : RHP Javier Matajudíos
Batting: RHB António López 0-0: Called Strike
0-1: Ball
1-1: Ball
2-1: Foul Ball, location: 2F
2-2: Fly out, F9 (Flyball, 89S)
Batting: RHB Dixon Snyder 0-0: Ball
1-0: Fly out, F9 (Flyball, 9LS)
Batting: RHB Rafael López 0-0: Fly out, F6 (Popup, 6D)
Top of the 5th over - 0 run(s), 0 hit(s), 0 error(s), 0 left on base; Mt. Vernon 0 - Niagara Falls 1
BOTTOM OF THE 5TH
Niagara Falls Expos batting - Pitching for Mt. Vernon Bulls : RHP Mark Goldwire
Batting: RHB Hou Kong 0-0: Ball
1-0: Swinging Strike
1-1: Fly out, F8 (Flyball, 8LD)
Batting: RHB Jim Unknown 0-0: Fly out, F9 (Flyball, 9LM)
Batting: RHB Roberto Camacho 0-0: Foul Ball, location: 2F
0-1: Called Strike
0-2: Ball
1-2: Foul Ball, location: 2F
1-2: Foul Ball, location: 2F
1-2: Ball
2-2: Foul Ball, location: 2F
2-2: Ball
3-2: SINGLE (Line Drive, 4D)
Batting: LHB Mark Armstead 0-0: Called Strike
0-1: Foul Ball, location: 2F
0-2: Foul Ball, location: 2F
0-2: Ball
1-2: Ball
2-2: Ball
3-2: Strikes out swinging
Bottom of the 5th over - 0 run(s), 1 hit(s), 0 error(s), 1 left on base; Mt. Vernon 0 - Niagara Falls 1
TOP OF THE 6TH
Mt. Vernon Bulls batting - Pitching for Niagara Falls Expos : RHP Javier Matajudíos
Batting: RHB Louis Litt 0-0: Called Strike
0-1: SINGLE (Groundball, 15S) (infield hit)
Batting: RHB Ryan Robbins 0-0: Ball
1-0: Sac Bunt - play at first, batter OUT! 3-4
Louis Litt to second
Batting: RHB Noël Sassetti 0-0: Ball
Wild Pitch!
Louis Litt to third
1-0: Swinging Strike
1-1: Ball
2-1: Foul Ball, location: 2F
2-2: Strikes out swinging
Batting: RHB Ken Gardner 0-0: Ground out 5-3 (Groundball, 5)
Top of the 6th over - 0 run(s), 1 hit(s), 0 error(s), 1 left on base; Mt. Vernon 0 - Niagara Falls 1
BOTTOM OF THE 6TH
Niagara Falls Expos batting - Pitching for Mt. Vernon Bulls : RHP Mark Goldwire
Batting: RHB Edgardo Castro 0-0: Ball
1-0: Called Strike
1-1: Fly out, F7 (Flyball, 78S)
Batting: LHB Pancho Farías 0-0: Called Strike
0-1: Ball
1-1: Foul Ball, location: 2F
1-2: Foul Ball, location: 2F
1-2: SINGLE (Groundball, 56S) (infield hit)
Batting: RHB Mario Germán 0-0: Swinging Strike
0-1: SINGLE (Groundball, 56S) (infield hit)
Pancho Farías to second
Batting: LHB Carlos Germán 0-0: Foul Ball, location: 2F
0-1: Reached on error, E3 (Groundball, 34)
Pancho Farías to third
Mario Germán to second
Batting: RHB Damien Medforth 0-0: Ball
1-0: Grounds into fielders choice 6-2 (Groundball, 6M)
Mario Germán to third
Carlos Germán to second
Batting: RHB Hou Kong 0-0: Ball
1-0: Called Strike
1-1: Fly out, F6 (Popup, 6)
Bottom of the 6th over - 0 run(s), 2 hit(s), 1 error(s), 3 left on base; Mt. Vernon 0 - Niagara Falls 1
TOP OF THE 7TH
Mt. Vernon Bulls batting - Pitching for Niagara Falls Expos : RHP Javier Matajudíos
Batting: RHB Alba Hidalgo de Jesus 0-0: Called Strike
0-1: Ball
1-1: Ball
2-1: Ground out 4-3 (Groundball, 4)
Batting: RHB Abraham Phelps 0-0: Ball
1-0: Ball
2-0: Foul Ball, location: 2F
2-1: Swinging Strike
2-2: Foul Ball, location: 2F
2-2: Strikes out swinging
Batting: RHB António López 0-0: Called Strike
0-1: Swinging Strike
0-2: Strikes out looking
Top of the 7th over - 0 run(s), 0 hit(s), 0 error(s), 0 left on base; Mt. Vernon 0 - Niagara Falls 1
BOTTOM OF THE 7TH
Niagara Falls Expos batting - Pitching for Mt. Vernon Bulls : RHP Mark Goldwire
Batting: RHB Jim Unknown 0-0: Called Strike
0-1: Ball
1-1: Ball
2-1: Called Strike
2-2: Ground out 4-3 (Groundball, 6M)
Batting: RHB Roberto Camacho 0-0: Ball
1-0: DOUBLE (Line Drive, 8LD)
Pinch Hitting: LHB Jim Unknown 0-0: Intentional Walk
Batting: RHB Edgardo Castro 0-0: Ball
1-0: Ball
2-0: Swinging Strike
2-1: Called Strike
Throwing error on steal attempt, E2
Roberto Camacho scores
Jim Unknown to third
2-2: SINGLE (Groundball, 4M)
Jim Unknown scores
Batting: LHB Pancho Farías 0-0: Ball
1-0: Ball
2-0: Called Strike
2-1: Ball
3-1: Fly out, F9 (Line Drive, 9)
Pitching: RHP Pepe Delgado
Batting: RHB Mario Germán 0-0: SINGLE (Groundball, 34D)
Edgardo Castro to second
Runner from 2nd tries for 3rd, SAFE, throw made to third
Batting: LHB Carlos Germán 0-0: Called Strike
0-1: Ball
1-1: Ball
2-1: Ball
3-1: Called Strike
3-2: Foul Ball, location: 2F
3-2: Base on Balls
Mario Germán to second
Batting: RHB Damien Medforth 0-0: Swinging Strike
0-1: SINGLE (Groundball, 6MD)
Edgardo Castro scores
Mario Germán to third
Carlos Germán to second
Runner from 3rd tries for Home, SAFE, no throw
Batting: RHB Hou Kong 0-0: Ball
1-0: 3-RUN HOME RUN (Flyball, 78XD), Distance : 424 ft
Pitching: RHP Jorge Chávez
Batting: RHB Jim Unknown 0-0: SINGLE (Groundball, 56D)
Batting: RHB Roberto Camacho 0-0: Ball
1-0: Fielders Choice at 2nd, U6 (Groundball, 6M)
Bottom of the 7th over - 7 run(s), 6 hit(s), 1 error(s), 1 left on base; Mt. Vernon 0 - Niagara Falls 8
TOP OF THE 8TH
Mt. Vernon Bulls batting - Pitching for Niagara Falls Expos : RHP Javier Matajudíos
Now in LF: Jim Unknown
Batting: RHB Dixon Snyder 0-0: Ball
1-0: Swinging Strike
1-1: Ball
2-1: Fly out, F6 (Line Drive, 6M)
Batting: RHB Rafael López 0-0: Called Strike
0-1: Ball
1-1: Ball
2-1: Foul Ball, location: 2F
2-2: Foul Ball, location: 2F
2-2: SINGLE (Line Drive, 34)
Batting: RHB Louis Litt 0-0: Foul Ball, location: 2F
0-1: Ball
1-1: Called Strike
1-2: Strikes out swinging
Batting: RHB Ryan Robbins 0-0: Ball
1-0: Called Strike
1-1: Called Strike
1-2: Ball
2-2: Ball
3-2: Strikes out swinging
Top of the 8th over - 0 run(s), 1 hit(s), 0 error(s), 1 left on base; Mt. Vernon 0 - Niagara Falls 8
BOTTOM OF THE 8TH
Niagara Falls Expos batting - Pitching for Mt. Vernon Bulls : RHP Jorge Chávez
Batting: LHB Jim Unknown 0-0: Ball
1-0: Foul Ball, location: 2F
1-1: Swinging Strike
1-2: Strikes out swinging
Batting: RHB Edgardo Castro 0-0: Ball
1-0: Swinging Strike
1-1: Ball
2-1: Fly out, F9 (Line Drive, 9)
Batting: LHB Pancho Farías 0-0: Called Strike
0-1: Ground out U3 (Groundball, 3L)
Bottom of the 8th over - 0 run(s), 0 hit(s), 0 error(s), 0 left on base; Mt. Vernon 0 - Niagara Falls 8
TOP OF THE 9TH
Mt. Vernon Bulls batting - Pitching for Niagara Falls Expos : RHP Javier Matajudíos
Pinch Hitting: LHB Jim Unknown 0-0: Ball
1-0: Called Strike
1-1: Ball
2-1: Called Strike
2-2: Strikes out looking
Batting: RHB Ken Gardner 0-0: Called Strike
0-1: Ball
1-1: Ground out 5-3 (Groundball, 56S)
Pinch Hitting: RHB Jim Unknown 0-0: Ball
1-0: Fly out, F9 (Flyball, 9S)
Top of the 9th over - 0 run(s), 0 hit(s), 0 error(s), 0 left on base; Mt. Vernon 0 - Niagara Falls 8
Monday, March 20th, 2017 - OOTP Baseball 17.12 Build 75